 Dungeon Crawl Stone Soup version 0.30-a0-125-g51eefa89be (webtiles) character file.

Game seed: 7247622550315648984

523 jimonade the Cruncher (level 7, -6/66 HPs)
             Began as an Ogre Gladiator on Sept 18, 2022.
             Was an Initiate of Okawaru.
             Mangled by a red ugly thing (14 damage)
             ... on level 7 of the Dungeon.
             The game lasted 00:07:09 (4286 turns).

jimonade the Cruncher (Ogre Gladiator)              Turns: 4286, Time: 00:07:10

Health: -6/66      AC:  3    Str: 19    XL:     7   Next: 22%
Magic:  7/7        EV: 10    Int: 11    God:    Okawaru [......]
Gold:   227        SH:  0    Dex: 10    Spells: 6/6 levels left

rFire   + . .      SeeInvis +    a - +0 quarterstaff
rCold   + . .      Faith    .    (shield currently unavailable)
rNeg    . . .      Spirit   .    b - +0 robe
rPois   +          Reflect  .    c - +0 hat
rElec   .          Harm     .    t - scarf {rC+ rF+}
rCorr   .          Rampage  .    (gloves unavailable)
Will    .....                    (boots unavailable)
Stlth   +.........               r - amulet of regeneration
HPRegen 1.01/turn                h - ring of see invisible
MPRegen 0.10/turn                y - ring of poison resistance

@: no status effects
A: large, unfitting armour, tough skin 1
a: Renounce Religion


You were on level 7 of the Dungeon.
You worshipped Okawaru.
Okawaru was noncommittal.
You visited 2 branches of the dungeon, and saw 8 of its levels.

You collected 227 gold pieces.

Inventory:

Hand Weapons
 a - a +0 quarterstaff (weapon)
 A - a +0 sling
Missiles
 s - 4 javelins (quivered)
Armour
 b - a +0 robe (worn)
 c - a +0 hat (worn)
 t - a scarf of resistance (worn)
Jewellery
 h - a ring of see invisible (left hand)
 m - a ring of resist corrosion
 r - an amulet of regeneration (around neck)
 x - an amulet of the acrobat
 y - a ring of poison resistance (right hand)
Scrolls
 l - 6 scrolls of identify
 n - a scroll of magic mapping
 p - 2 scrolls of blinking {unknown}
 q - 3 scrolls of teleportation {unknown}
 v - a scroll of fog {unknown}
 w - a scroll of enchant weapon {unknown}
 z - a scroll of fear {unknown}
Potions
 f - 2 potions of resistance
 g - 2 potions of brilliance {unknown}
 i - a potion of lignification {unknown}
 j - 2 potions of ambrosia {unknown}
 k - 5 potions of curing {unknown}
 o - a potion of degeneration {unknown}
 u - a potion of heal wounds {unknown}


   Skills:
 - Level 2.6 Fighting
 + Level 8.0 Staves
 - Level 2.0 Throwing
 - Level 2.6 Dodging


You had 6 spell levels left.
You didn't know any spells.
Your spell library contained the following spells:

 Spells                   Type           Power      Damage    Failure   Level
 Slow                     Hex            0%         N/A       34%         1
 Confusing Touch          Hex            0%         N/A       71%         3
 Gell's Gravitas          Tloc           0%         N/A       71%         3
 Teleport Other           Tloc           0%         N/A       71%         3
 Vampiric Draining        Necr           0%         2d6       71%         3
 Dispersal                Tloc           0%         N/A       100%        6
 Summon Small Mammal      Summ           Unusable   N/A       N/A         1
 Call Canine Familiar     Summ           Unusable   N/A       N/A         3
 Summon Guardian Golem    Hex/Summ       Unusable   N/A       N/A         3

Dungeon Overview and Level Annotations

Branches:
Dungeon (8/15)             Temple (1/1) D:4
   Lair: D:8-11

Altars:
Ashenzari
Cheibriados
Fedhas
Kikubaaqudgha
Nemelex Xobeh
Okawaru
Ru
Sif Muna
Trog
Uskayaw
Wu Jian
Zin
The Shining One

Annotations:
D:4 1 runed translucent door, NinjaNoafa's ghost, amateur DjHW


Innate Abilities, Weirdness & Mutations

You are too large for most types of armour.
You have tough skin. (AC +1)


Message History

The red ugly thing struggles against the net.
You hit the red ugly thing but do no damage.
The red ugly thing is lightly wounded.
The red ugly thing struggles against the net.
You hit the red ugly thing.
The red ugly thing is moderately wounded.
The red ugly thing struggles against the net.
You sock the red ugly thing!
The red ugly thing is moderately wounded.
The red ugly thing struggles against the net.
You sock the red ugly thing!
The red ugly thing is heavily wounded.
The red ugly thing struggles against the net.
You completely miss the red ugly thing.
The red ugly thing is heavily wounded.
The red ugly thing struggles against the net.
The net rips apart, and the red ugly thing comes free!
Throw: large rock
Press: ? - help, Q - select action, (/) - cycle Shift-Dir - straight line, f/p - red ugly thing
Aim: a red ugly thing (heavily wounded, 57% to hit)
You throw a large rock. The large rock hits the red ugly thing.
The red ugly thing is heavily wounded.
The red ugly thing gores you!
You are engulfed in flames!
You resist. The red ugly thing gores you!
* * * LOW HITPOINT WARNING * * *
You are engulfed in flames!
You resist.
* * * LOW HITPOINT WARNING * * *
Throw: 6 javelins
Press: ? - help, Q - select action Shift-Dir - straight line, f/p - red ugly thing
Aim: a red ugly thing (heavily wounded, 57% to hit)
You throw a javelin.
The javelin barely misses the red ugly thing.
The red ugly thing completely misses you.
Throw: 5 javelins
Press: ? - help, Q - select action Shift-Dir - straight line, f/p - red ugly thing
Aim: a red ugly thing (heavily wounded, 57% to hit)
You throw a javelin.
The javelin closely misses the red ugly thing.
The red ugly thing gores you!
You die...

***** *,* *,** *,,,,,
*,**#.# ***,**
*,,*#.# *,* **,*#.#
*,* *,*#.# *,*
*,*#.####*********,**
*,*#(#?.,,,,,,,>,,,,,
*,*#u#.#**********,,,
*,*#@#.###### *,,,
*,*#........# **,,.
#......####.#####....
######## #..>....#,,
#######.... **,*#
*,** *,,, ****


You could see a red ugly thing.

Vanquished Creatures
  An ice beast (D:7)
  A bullfrog (D:8)
  A hound (D:4)
  An orc priest (D:3)
  2 orc wizards (D:3)
  5 gnolls
  10 adders
  An ufetubus (D:4)
  A worm (D:2)
  6 dart slugs
  15 orcs
  2 ball pythons
  6 bats
  4 endoplasms
  2 giant cockroaches
  4 goblins
  6 hobgoblins
  7 kobolds
  3 quokkas
  6 frilled lizards
  4 rats
88 creatures vanquished.

Vanquished Creatures (others)
  An orc wizard (D:3)
  7 plants (D:4)
8 creatures vanquished.

Grand Total: 96 creatures vanquished

Notes
Turn   | Place    | Note
-------+----------+-------------------------------------------
     0 | D:1      | jimonade the Ogre Gladiator began the quest for the Orb.
     0 | D:1      | Reached XP level 1. HP: 22/22 MP: 1/1
   191 | D:1      | Reached XP level 2. HP: 17/29 MP: 2/2
   811 | D:1      | Reached skill level 4 in Staves
   955 | D:1      | Reached XP level 3. HP: 33/36 MP: 3/3
  2157 | D:3      | Reached XP level 4. HP: 32/44 MP: 4/4
  2470 | D:3      | Reached skill level 5 in Staves
  2601 | D:3      | Found an ornate altar of the Wu Jian Council.
  2758 | D:3      | Reached XP level 5. HP: 30/50 MP: 5/5
  2854 | D:3      | Reached skill level 6 in Staves
  2977 | D:3      | Reached XP level 6. HP: 56/59 MP: 6/6
  3258 | D:4      | Found a staircase to the Ecumenical Temple.
  3263 | Temple   | Entered the Ecumenical Temple
  3403 | Temple   | Became a worshipper of Warmaster Okawaru
  3561 | D:4      | Reached skill level 7 in Staves
  3772 | D:4      | Found a runed translucent door.
  3777 | D:4      | Noticed NinjaNoafa's ghost (amateur DjHW)
  4191 | D:5      | Entered Level 5 of the Dungeon
  4233 | D:5      | You fall into a shaft and drop 3 floors!
  4238 | D:8      | Noticed an acid dragon
  4245 | D:8      | Reached XP level 7. HP: 59/66 MP: 7/7
  4268 | D:7      | Reached skill level 8 in Staves
  4269 | D:7      | Noticed a red ugly thing
  4286 | D:7      | Mangled by a red ugly thing

Illustrated notes

Levels and vault maps discovered:
D:1:      dpeg_arrival_rooms_b, layout_basic, serial_curves, eino_curves_04,
          eino_curves_01, eino_curves_04, eino_curves_01, st_stairs_3
D:2:      layout_loops_ring
D:3:      layout_basic, nicolae_overflow_hidden_temple, serial_curves,
          eino_curves_04, eino_curves_01
D:4:      layout_basic, minmay_temple_entry_wispy, ebering_ghost_sewer_d,
          nicolae_grassy_gnolls
D:5:      layout_loops_ring
D:7:      layout_loops_ring, grunt_temple_overflow_cloverleaf,
          lightli_ossuary_entry_decrepit_ruins, minmay_puff,
          uniq_crazy_yiuf_cottage
D:8:      layout_loops_ring, minmay_overflow_temple_star_quad,
          gammafunk_ghost_ooze
Temple:   hc_temple_tempest_star

Skill      XL: |  1  2  3  4  5  6  7 |
---------------+----------------------+-----
Staves         | 4 5 6 7 8 |  8.0
Fighting       | |  2.6
Throwing       | |  2.0
Dodging        | |  2.6

Action                   |  1- 3 |  4- 6 |  7- 9 || total
-------------------------+-------+-------+-------++-------
Melee: Quarterstaff      |    85 |   180 |    22 ||   287
Throw: Throwing net      |       |       |     3 ||     3
       Javelin           |       |       |     2 ||     2
       Large rock        |       |       |     1 ||     1
  Use: Scroll            |       |       |     2 ||     2
 Stab: Held in net/web   |       |       |     1 ||     1
Armor: Robe              |    21 |    33 |     1 ||    55
Dodge: Dodged            |    46 |    74 |     5 ||   125

Table legend: (Time is in decaauts)
 A = Elapsed time spent in this place.
 B = Non-inter-level travel time spent in this place.
 C = Inter-level travel time spent in this place.
 D = Time resting spent in this place.
 E = Time spent auto-exploring this place.
 F = Levels seen in this place.
 G = Mean time per level.
                   A        B        C        D        E       F      G
               +--------+--------+--------+--------+--------+-----+--------+
         Total |   4287 |   4132 |    155 |     31 |   3302 |   8 |  535.9 |
       Dungeon |   4136 |   4002 |    134 |     31 |   3220 |   7 |  590.9 |
        Temple |    150 |    129 |     21 |      0 |     82 |   1 |  150.0 |
               +--------+--------+--------+--------+--------+-----+--------+

Top non-repeatable levels by time:
     D:1: 1371 daAuts
     D:3: 1058 daAuts
     D:4: 890 daAuts
     D:2: 723 daAuts
  Temple: 150 daAuts
     D:5: 41 daAuts
     D:7: 37 daAuts
     D:8: 13 daAuts
